 Dungeon Crawl Stone Soup version 0.28.0 (webtiles) character file.

Game seed: 12299505959520350258

0 jfcaron the Caller (level 1, -2/13 HPs)
             Began as a Barachi Summoner on Feb 6, 2022.
             Slain by a kobold (4 damage)
             ... on level 1 of the Dungeon.
             The game lasted 00:00:29 (39 turns).

jfcaron the Caller (Barachi Summoner)                 Turns: 39, Time: 00:00:29

Health: -2/13      AC:  2    Str:  9    XL:     1   Next: 10%
Magic:  1/3        EV: 12    Int: 15    God:
Gold:   0          SH:  0    Dex: 12    Spells: 3/4 levels left

rFire   . . .      SeeInvis .   (no weapon)
rCold   . . .      Faith    .   (no shield)
rNeg    . . .      Spirit   .   a - +0 robe
rPois   .          Reflect  .   (no helmet)
rElec   .          Harm     .   (no cloak)
rCorr   .          Rampage  .   (no gloves)
Will    .....                   (no boots)
Stlth   ++........              (no amulet)
HPRegen 0.04/turn               (no ring)
MPRegen 0.08/turn               (no ring)

@: slow
A: amphibious, slowness 1, strong legs 1, +LOS
a: Hop


You were on level 1 of the Dungeon.
You visited 1 branch of the dungeon, and saw 1 of its levels.

Inventory:

Missiles
 b - 13 stones
Armour
 a - a +0 robe (worn)


   Skills:
 - Level 2.1 Dodging
 - Level 1.7 Stealth
 + Level 2.2 Spellcasting
 + Level 4.8 Summonings


You had 3 spell levels left.
You knew the following spells:

 Your Spells              Type           Power      Damage    Failure   Level
a - Summon Small Mammal   Summ           64%        N/A       3%          1

Your spell library contained the following spells:

 Spells                   Type           Power      Damage    Failure   Level
 Call Imp                 Summ           16%        N/A       4%          2
 Call Canine Familiar     Summ           16%        N/A       9%          3
 Summon Guardian Golem    Hex/Summ       8%         N/A       24%         3
 Summon Lightning Spire   Summ/Air       8%         N/A       63%         4


Dungeon Overview and Level Annotations

Branches:
Dungeon (1/15)

Altars:


Innate Abilities, Weirdness & Mutations

You are amphibious.
You cover ground slowly.
You can hop short distances.
You have an extended range of vision and can be seen from far away.


Message History

Your bat misses the kobold. The hobgoblin hits you. The kobold misses you.
Unknown command.
You hit the hobgoblin.
The hobgoblin is moderately wounded.
Your bat hits the hobgoblin but does no damage.
Your bat barely misses the kobold.
Your bat hits the hobgoblin but does no damage.
The hobgoblin hits you. The kobold barely misses you.
A quokka comes into view.
You hit the hobgoblin.
The hobgoblin is heavily wounded.
Your bat hits the kobold but does no damage. x2
Your bat hits the hobgoblin but does no damage.
The hobgoblin closely misses you. The kobold closely misses you.
Unknown command.
You hit the hobgoblin but do no damage.
The hobgoblin is heavily wounded.
Your bat hits the ball python.
Your bat barely misses the kobold.
The hobgoblin closely misses you. The ball python barely misses your bat.
The ball python misses your bat. The kobold misses you.
Your bat closely misses the kobold.
Unknown command.
You hit the hobgoblin but do no damage.
The hobgoblin is heavily wounded.
Your bat hits the kobold but does no damage.
Your bat hits the kobold. The hobgoblin barely misses you.
The kobold hits you but does no damage.
Unknown command.
You closely miss the hobgoblin.
The hobgoblin is heavily wounded.
Your bat hits the kobold but does no damage.
Your bat barely misses the kobold.
The hobgoblin barely misses you. The kobold closely misses you.
Unknown command.
You barely miss the hobgoblin.
The hobgoblin is heavily wounded.
Your bat barely misses the kobold.
The hobgoblin hits you.
* * * LOW HITPOINT WARNING * * *
The kobold hits you with a +0 short sword.
You die...

......#
######......##
#...(.....)..#
#.............
#.>.........#
#...........##
#...bSr.......
#...Kg#
#....@#
#....b##
#......#
#......##
#.......#
#.#...≈.#
#...#.≈.#
#####...#
#...#


You could see a quokka, a hobgoblin (ally target), a ball python, a kobold (ally
target) and 2 friendly bats.

Vanquished Creatures
  A rat (D:1)
1 creature vanquished.

Notes
Turn   | Place    | Note
-------+----------+-------------------------------------------
     0 | D:1      | jfcaron the Barachi Summoner began the quest for the Orb.
     0 | D:1      | Reached XP level 1. HP: 13/13 MP: 3/3
    39 | D:1      | HP: 2/13 [hobgoblin (4)]
    39 | D:1      | Slain by a kobold

Illustrated notes

Levels and vault maps discovered:
D:1:      amcnicky_arrival_blooded_trapdoor, layout_rooms,
          basic_ecumenical_altar, serial_bayou_lake_a

Action                   || total
-------------------------++-------
Melee: Unarmed           ||    14
 Cast: Summon Small Mamm ||     3
Armor: Robe              ||     1
Dodge: Dodged            ||    19
